[Event "XXVIII Magistral Elgoibar 2018"]
[Site "Elgoibar"]
[Date "2018.12.15"]
[Round "5"]
[White "Ambartsumova, Karina"]
[Black "Martinez Fernandez, Adrian"]
[Result "1-0"]
[ECO "A18"]
[WhiteElo "2383"]
[BlackElo "2212"]
[Annotator "NA"]
[PlyCount "148"]
[EventDate "2018.12.12"]
[EventType "tourn"]
[EventCountry "ESP"]
[SourceTitle "playchess.com"]
[Source "ChessBase"]
[SourceQuality "1"]
[TimeControl "5400+30"]

1. c4 Nf6 2. Nc3 e6 3. e4 d5 4. e5 d4 5. exf6 dxc3 6. bxc3 Qxf6 7. Nf3 b6 8. d4 h6 9. Ne5 Bb7 10. Qa4+ c6 11. g3 Bd6 12. f4 O-O 13. Bg2 Bxe5 14. fxe5 Qe7 15. O-O c5 16. d5 exd5 17. cxd5 Qxe5 18. Bf4 Qxc3 19. Rae1 b5 20. Qd1 Nd7 21. Re7 Bc8 22. d6 Rb8 23. Bc6 Nf6 24. d7 Bxd7 25. Bxd7 Rbd8 26. Bc7 Rxd7 27. Rxd7 Qe3+ 28. Rf2 Nxd7 29. Qxd7 Qe1+ 30. Kg2 Qe4+ 31. Kh3 Qb7 32. Qe7 c4 33. Bd6 Qxe7 34. Bxe7 Rc8 35. Bb4 g6 36. Kg2 f5 37. Kf3 Kf7 38. Re2 Rc7 39. Ke3 Rd7 40. Rd2 Rxd2 41. Bxd2 Ke6 42. Kd4 g5 43. Bc3 a6 44. Bd2 Kd6 45. Bb4+ Ke6 46. Bf8 h5 47. Bh6 Kf6 48. h4 gxh4 49. gxh4 Ke6 50. Bf4 Ke7 51. Kd5 Kd7 52. Bd2 Kc7 53. Ke5 Kc6 54. Bb4 Kb6 55. Kxf5 a5 56. Be1 b4 57. Ke5 b3 58. Bc3 bxa2 59. Kd5 Kb5 60. Kd4 a4 61. Ke3 a1=Q 62. Bxa1 Kb4 63. Kd2 Kb3 64. Bf6 a3 65. Bg7 a2 66. Bf6 Ka3 67. Kc2 Kb4 68. Kb2 a1=Q+ 69. Kxa1 c3 70. Kb1 Kb3 71. Kc1 Kc4 72. Kc2 Kd5 73. Kxc3 Ke4 74. Bg5 Kd5 1-0

[Event "XXVIII Magistral Elgoibar 2018"]
[Site "Elgoibar"]
[Date "2018.12.17"]
[Round "8"]
[White "Suarez Garcia, Carlos"]
[Black "Moreno Ruiz, Javier"]
[Result "0-1"]
[ECO "A04"]
[WhiteElo "2449"]
[BlackElo "2450"]
[Annotator "ChessBase"]
[PlyCount "92"]
[EventDate "2018.12.12"]
[EventType "tourn"]
[EventCountry "ESP"]
[SourceTitle "playchess.com"]
[Source "ChessBase"]
[SourceQuality "1"]
[TimeControl "5400+30"]

1. Nf3 c5 2. b3 Nc6 3. Bb2 d6 4. e3 e5 5. d4 cxd4 6. exd4 e4 7. Nfd2 d5 8. c4 Nf6 9. a3 Bg4 10. Be2 Bxe2 11. Qxe2 Be7 12. cxd5 Nxd5 13. Qxe4 O-O 14. O-O Re8 15. Qf3 Bf6 16. Nc3 Nxd4 17. Qxd5 Ne2+ 18. Kh1 Nxc3 19. Qxd8 Raxd8 20. Nc4 b5 21. Ne3 Rd2 22. Bxc3 Bxc3 23. Rad1 Kf8 24. Nd5 Rxd1 25. Rxd1 Bb2 26. a4 bxa4 27. bxa4 Re4 28. g3 Rxa4 29. Rd3 Rd4 30. Rb3 Rxd5 31. Rb8+ Ke7 32. Rxb2 a5 33. Kg2 a4 34. Kf3 a3 35. Ra2 Ra5 36. Ke4 Kd6 37. Kd4 Ra7 38. Kc4 Ke5 39. f3 g5 40. Re2+ Kf5 41. Ra2 h5 42. Kb4 h4 43. Kc4 hxg3 44. hxg3 g4 45. Kd4 gxf3 46. Ke3 Ke5 {[%emt 0:00:30] Kd4+ [%clk 0:00:00]} 0-1

[Event "XXVIII Magistral Elgoibar 2018"]
[Site "Elgoibar"]
[Date "2018.12.17"]
[Round "8"]
[White "Huerga Leache, Mikel"]
[Black "Martinez Fernandez, Adrian"]
[Result "1-0"]
[ECO "E06"]
[WhiteElo "2448"]
[BlackElo "2212"]
[Annotator "NA"]
[PlyCount "45"]
[EventDate "2018.12.12"]
[EventType "tourn"]
[EventCountry "ESP"]
[SourceTitle "playchess.com"]
[Source "ChessBase"]
[SourceQuality "1"]
[TimeControl "5400+30"]

1. d4 Nf6 2. Nf3 d5 3. g3 e6 4. Bg2 Be7 5. c4 O-O 6. Qc2 dxc4 7. Nbd2 b5 8. a4 c6 9. axb5 cxb5 10. Ng5 h6 11. h4 g6 12. Bxa8 hxg5 13. hxg5 Nd5 14. Qe4 Bxg5 15. Qe5 Bf6 16. Qxb8 Nb4 17. Be4 Bxd4 18. Qxb5 Qf6 19. Qxb4 Qxf2+ 20. Kd1 Rd8 21. Kc2 Bc5 22. Qc3 Bd4 23. Qf3 1-0

[Event "XXVIII Magistral Elgoibar 2018"]
[Site "Elgoibar"]
[Date "2018.12.17"]
[Round "8"]
[White "Napoli, Nicolo"]
[Black "Velten, Paul"]
[Result "0-1"]
[ECO "D38"]
[WhiteElo "2289"]
[BlackElo "2485"]
[Annotator "ChessBase"]
[PlyCount "74"]
[EventDate "2018.12.12"]
[EventType "tourn"]
[EventCountry "ESP"]
[SourceTitle "playchess.com"]
[Source "ChessBase"]
[SourceQuality "1"]
[TimeControl "5400+30"]

1. d4 Nf6 2. c4 e6 3. Nf3 d5 4. Nc3 Bb4 5. Qa4+ Nc6 6. Ne5 Bd7 7. Nxd7 Qxd7 8. e3 e5 9. a3 exd4 10. axb4 dxc3 11. bxc3 O-O 12. c5 Qf5 13. Bb5 Ne5 14. O-O c6 15. Be2 Rfd8 16. Qa2 h6 17. Qb1 Qe6 18. Qc2 b6 19. Ra6 bxc5 20. bxc5 Ne4 21. Ba3 Re8 22. Bb4 Nc4 23. Bxc4 dxc4 24. f3 Nf6 25. e4 Red8 26. Rd1 Ne8 27. Rxd8 Rxd8 28. Rxa7 Rd3 29. Qe2 Nf6 30. g3 Nd7 31. Ra8+ Kh7 32. Ra1 Ne5 33. Rf1 Qd7 34. f4 Rd2 35. Qh5 g6 36. Qh4 Ng4 37. f5 Ne3 0-1